 Dungeon Crawl Stone Soup version 0.19.0-2-gae57169 (webtiles) character file.

383 GhostOfComunism the Skirmisher (level 6, -10/48 HPs)
             Began as a Vampire Fighter on Nov 5, 2016.
             Mangled by an ogre
             ... wielding a +0 giant club
              (17 damage)
             ... on level 4 of the Dungeon.
             The game lasted 00:19:11 (2266 turns).

GhostOfComunism the Skirmisher (Vampire Fighter)    Turns: 2266, Time: 00:19:12

Health: -10/48     AC:  8    Str: 15 (17) XL:     6   Next: 47%
Magic:  6/6        EV:  7    Int:  9 (10) God:
Gold:   262        SH:  9    Dex: 13 (14) Spells: 0 memorised, 5 levels left

rFire  . . .     SeeInvis +     a - +0 long sword
rCold  . . .     Gourm    .     b - +0 scale mail
rNeg   . . .     Faith    .     c - +0 shield
rPois  .         Spirit   .     (helmet restricted)
rElec  .         Reflect  .     (no cloak)
rCorr  .         Harm     .     (no gloves)
MR     .....                    (no boots)
Stlth  ..........               (no amulet)
                                (no ring)
                                (no ring)

@: regenerating quickly
A: fangs 3, horns 1, iridescent scales 1, see invisible, unbreathing, subdued
magic 1
a: no special abilities


You were on level 4 of the Dungeon.
You were very full.

You visited 1 branch of the dungeon, and saw 4 of its levels.

You collected 262 gold pieces.

Inventory:

Hand Weapons
 a - a +0 long sword (weapon)
Armour
 b - a +0 scale mail (worn)
 c - a +0 shield (worn)
Scrolls
 g - a scroll of fog
Potions
 e - 10 potions of blood


   Skills:
 + Level 4.2 Fighting
 + Level 4.0 Long Blades
 + Level 3.4 Armour
 + Level 3.9 Shields


You had 5 spell levels left.
You didn't know any spells.

Dungeon Overview and Level Annotations

Branches:
Dungeon (4/15)
 Temple: D:4-7

Altars:
Elyvilon
Uskayaw
Beogh


Innate Abilities, Weirdness & Mutations

Your natural rate of healing is unusually fast.
You have razor-sharp teeth.
You have supernaturally acute eyesight. (SInv)
You can survive without breathing.
You have a pair of small horns on your head.
You are partially covered in iridescent scales. (AC +2)
Your spells are a little easier to cast, but a little less powerful.


Message History

An ogre comes into view. It is wielding a giant club.
You hit the ogre but do no damage. You headbutt the ogre.
The ogre is heavily wounded.
The ogre barely misses you.
You hit the ogre. Your headbutt misses the ogre. Your bite misses the ogre.
The ogre is heavily wounded.
The ogre hits you with a giant club.
You hit the ogre. You headbutt the ogre!
You kill the ogre!
You feel your intelligence returning.
Your Long Blades skill increases to level 4!
The ogre hits you but does no damage.
You hit the ogre.
The ogre is lightly wounded.
The ogre hits you with a giant club!
* * * LOW HITPOINT WARNING * * *
You hit the ogre but do no damage. You bite the ogre.
The ogre is moderately wounded.
The ogre hits you with a giant club!
You die...

#.# #.# #.#
#[# #.#
########## #.#
#.@O....<#
#.###.###.##..
#<....#
#####.# #...
###.# .# #


You could see an ogre.

Vanquished Creatures
  An ogre (D:4)
  The ghost of xeno23 the Firebug, an amateur DEFE (D:3)
  An orc priest (D:3)
  An orc wizard (D:3)
  7 gnolls (D:3)
  3 adders
  3 oozes
  A worm (D:3)
  5 dart slugs
  2 leopard geckos
  3 orcs (D:3)
  2 giant cockroaches (D:1)
  6 hobgoblins
  4 quokkas (D:2)
  2 ball pythons
  10 bats
  3 frilled lizards
  4 goblins
  6 kobolds
  5 rats
70 creatures vanquished.

Notes
Turn   | Place    | Note
-------+----------+-------------------------------------------
     0 | D:1      | GhostOfComunism the Vampire Fighter began the quest for the Orb.
     0 | D:1      | Reached XP level 1. HP: 17/17 MP: 1/1
   284 | D:1      | Gained mutation: Your spells are a little easier to cast, but a little less powerful. [potion of mutation]
   284 | D:1      | Gained mutation: You are partially covered in iridescent scales. (AC +2) [potion of mutation]
   284 | D:1      | Gained mutation: You have a pair of small horns on your head. [potion of mutation]
   346 | D:1      | Reached XP level 2. HP: 24/24 MP: 2/2
   863 | D:2      | Reached XP level 3. HP: 29/29 MP: 3/3
  1043 | D:2      | Found a white marble altar of Elyvilon.
  1329 | D:2      | Reached XP level 4. HP: 35/35 MP: 4/4
  1567 | D:3      | Noticed xeno23's ghost (amateur DEFE)
  1590 | D:3      | Killed xeno23's ghost
  1590 | D:3      | Reached XP level 5. HP: 20/41 MP: 5/5
  1815 | D:3      | Found a hide-covered altar of Uskayaw.
  1914 | D:3      | Found a roughly hewn altar of Beogh.
  1930 | D:3      | Reached XP level 6. HP: 27/48 MP: 6/6
  2266 | D:4      | Mangled by an ogre

Skill      XL: |  1  2  3  4  5  6 |
---------------+-------------------+-----
Fighting       | 3 4 |  4.2
Shields        | 3 |  3.9
Long Blades    | 3 4 |  4.0
Armour         | 3 |  3.4

Action                   |  1- 3 |  4- 6 || total
-------------------------+-------+-------++-------
Melee: Long sword        |    96 |    94 ||   190
       Bite              |    15 |    11 ||    26
       Headbutt          |    23 |    17 ||    40
 Abil: End Transformatio |     1 |       ||     1
       Bat Form          |     1 |       ||     1
  Use: Scroll            |     4 |     2 ||     6
       Potion            |     6 |     8 ||    14
  Eat: Corpse            |    10 |     1 ||    11
Armor: Scale mail        |    66 |    35 ||   101
Dodge: Dodged            |    30 |    30 ||    60
Block: Shield            |    53 |    45 ||    98
       Rpst.: Long sword |    19 |     6 ||    25
